 Dungeon Crawl Stone Soup version 0.28.0-1-gb440e238dd (webtiles) character file.

Game seed: 7590328010375047165

7195 Ijustatesigmund the Cleaver (level 11, -2/78 HPs)
             Began as an Octopode Fighter on Feb 24, 2022.
             Was a Believer of Cheibriados.
             Slain by a wraith (15 damage)
             ... on level 9 of the Dungeon.
             The game lasted 00:21:51 (9683 turns).

Ijustatesigmund the Cleaver (Octopode Fighter)      Turns: 9683, Time: 00:21:52

Health: -2/78      AC:  1    Str: 23    XL:     11   Next: 11%
Magic:  22/22      EV: 20    Int: 24    God:    Cheibriados [**....]
Gold:   577        SH:  9    Dex: 31    Spells: 7/10 levels left

rFire   . . .      SeeInvis .   a - +4 war axe (vorpal)
rCold   . . .      Faith    .   b - +1 buckler
rNeg    + . .      Spirit   .   (helmet restricted)
rPois   +          Reflect  .   f - amulet of regeneration
rElec   .          Harm     .   j - +6 ring of dexterity
rCorr   .          Rampage  .   e - ring of magical power
Will    .....                   t - +6 ring of dexterity
Stlth   ++++......              s - ring of poison resistance
HPRegen 1.03/turn               I - ring "Rigioqaq" {Contam Fly rN+ Int+6 Stlth+}
MPRegen 0.18/turn               (no ring)
                                (no ring)
                                (no ring)

@: flying, slowed, studying Hexes, very slow
A: almost no armour, amphibious, 8 rings, camouflage 1, gelatinous body 1,
(nimble swimmer 1), tentacles
a: Renounce Religion, Bend Time


You were on level 9 of the Dungeon.
You worshipped Cheibriados.
Cheibriados was pleased with you.
You visited 2 branches of the dungeon, and saw 10 of its levels.
You also visited: Sewer.

You collected 577 gold pieces.

Inventory:

Hand Weapons
 a - a +4 vorpal war axe (weapon)
 w - a +4 flail of draining
 H - a +2 war axe
Missiles
 E - a throwing net (quivered)
Armour
 b - a +1 buckler (worn)
Jewellery
 e - a ring of magical power (right tentacle)
 f - an amulet of regeneration (around mantle)
 j - a +6 ring of dexterity (left tentacle)
 q - an amulet of reflection
 s - a ring of poison resistance (on tentacle)
 t - a +6 ring of dexterity (on tentacle)
 I - the ring "Rigioqaq" (on tentacle) {Contam Fly rN+ Int+6 Stlth+}
   (You found it on level 8 of the Dungeon)

   [ring of intelligence]

   Int:       It affects your intelligence (+6).
   rN:        It protects you from negative energy.
   Fly:       It grants you flight.
   Contam:    It causes magical contamination when unequipped.
   Stlth:     It makes you more stealthy.
Wands
 i - a wand of digging (13)
 n - a wand of polymorph (15)
 r - a wand of iceblast (5)
 y - a wand of paralysis (10)
 B - a wand of acid (8)
 D - a wand of flame (18)
 J - a wand of mindburst (5)
Scrolls
 h - 2 scrolls of enchant armour
 o - a scroll of amnesia
 p - 2 scrolls of magic mapping
 u - 2 scrolls of immolation
 A - a scroll of brand weapon
 K - a scroll of identify
Potions
 d - 2 potions of invisibility
 g - 4 potions of curing
 l - 2 potions of brilliance
 m - 4 potions of flight
 v - 2 potions of magic
 x - a potion of mutation
 z - 2 potions of lignification
 C - 2 potions of attraction
 F - a potion of might


   Skills:
 + Level 8.8 Fighting
 + Level 9.3 Axes
 - Level 7.2 Dodging
 - Level 7.1 Shields
 + Level 2.9 Conjurations
 + Level 2.9 Earth Magic
 + Level 3.6 Invocations
 + Level 3.9 Evocations


You had 7 spell levels left.
You knew the following spells:

 Your Spells              Type           Power      Damage    Failure   Level
a - Stone Arrow           Conj/Erth      28%        3d8       16%         3

Your spell library contained the following spells:

 Spells                   Type           Power      Damage    Failure   Level
 Pain                     Necr           0%         1d4       19%         1
 Sublimation of Blood     Necr           0%         N/A       26%         2
 Wereblood                Tmut           0%         N/A       26%         2
 Gell's Gravitas          Tloc           0%         N/A       47%         3
 Lesser Beckoning         Tloc           0%         N/A       47%         3
 Teleport Other           Tloc           0%         N/A       47%         3
 Iskenderun's Battlesphe  Conj           13%        2d7       83%         5
 Fireball                 Conj/Fire      3%         3d4       95%         5
 Agony                    Necr           0%         N/A       99%         5
 Excruciating Wounds      Necr           0%         N/A       99%         5
 Conjure Ball Lightning   Conj/Air       3%         3x3d6     100%        6
 Orb of Destruction       Conj           6%         9d6       100%        7
 Summon Hydra             Summ           0%         N/A       100%        7
 Lehudib's Crystal Spear  Conj/Erth      7%         10d3      100%        8
 Animate Armour           Summ/Erth      Unusable   N/A       N/A         4

Dungeon Overview and Level Annotations

Branches:
Dungeon (9/15)             Temple (1/1) D:5            Lair (0/6) D:8
  Sewer (visited)
    Orc: D:9-12

Altars:
Ashenzari
Cheibriados
Dithmenos
Elyvilon
Fedhas
Gozag
Hepliaklqana
Kikubaaqudgha
Makhleb
Nemelex Xobeh
Okawaru
Qazlal
Ru
Sif Muna
Trog
Uskayaw
Vehumet
Wu Jian
Xom
Yredelemnul
Zin
The Shining One
Beogh


Innate Abilities, Weirdness & Mutations

You cannot wear most types of armour.
You are amphibious.
You can wear up to eight rings at the same time.
Your skin changes colour to match your surroundings (Stealth+).
Your rubbery body absorbs attacks. (AC +1, EV +1)
((You are camouflaged when in or above water. (Stealth+)))
You have tentacles for arms and can constrict up to eight enemies at once.


Message History

You slash the wyvern! The wyvern barely misses you.
The centaur shoots an arrow.
You block the arrow.
The centaur shoots an arrow.
The arrow hits you! The wyvern barely misses you. The wyvern barely misses you.
The centaur unwields a +0 shortbow.
The centaur barely misses you. The centaur misses you.
The wyvern barely misses you. You block the centaur's attack.
The centaur kicks you.
Things that are here:
a +0 giant spiked club; a +0 giant club You hit the wyvern but do no damage.
The wyvern is moderately wounded.
You hit the wraith but do no damage. You hit the centaur.
The wyvern closely misses you. The centaur closely misses you.
The centaur barely misses you. You block the wraith's attack.
The wyvern bites you!
* * * LOW HITPOINT WARNING * * *
Okay, then.
As you read the scroll of fear, it crumbles to dust.
You assume a fearsome visage.
The wraith is unaffected.
The centaur looks frightened!
The wyvern looks frightened!
The wraith barely misses you.
You feel better. The wraith hits you!
* * * LOW HITPOINT WARNING * * *
The wraith drains your vigour!
You feel yourself slow down.
Okay, then.
You hit the wraith but do no damage. You squeeze the wraith.
The wraith is lightly damaged.
You block the wraith's attack. The wraith completely misses you.
You hit the wraith. You squeeze the wraith.
The wraith is heavily damaged.
You block the wraith's attack.
You barely miss the wraith.
The wraith is heavily damaged.
The wraith hits you!
* * * LOW HITPOINT WARNING * * *
The wraith misses you.
You hit the wraith. You squeeze the wraith.
The wraith is severely damaged.
The wraith completely misses you. The wraith hits you!
You die...

#........ .#
#........ #.#
##........ #.#
#.........
#..####..!......
##....#.....(....
##.......W........
..........@.......
###(...#.........
##..#..........
#.##..........
#.##..........
##.##..........
#..##.......... ##
#..##..........
..###....!.......


You could see a wraith.

Vanquished Creatures
  A two-headed ogre (D:9)
  Maggie (D:6)
  Prince Ribbit (D:6)
  Sigmund (D:2)
  5 yaks (D:8)
  Edmund (D:4)
  2 acid dragons
  A water moccasin (D:8)
  Duvessa (D:6)
  A sky beast (D:6)
  A necrophage (D:7)
  5 orc warriors
  2 black bears
  6 centaurs
  3 ogres
  3 phantoms
  2 bullfrogs
  A gnoll sergeant (D:6)
  A kobold brigand (D:8)
  6 scorpions
  Dowan (D:6)
  2 water moccasin skeletons
  10 killer bees
  3 wights (D:8)
  3 howler monkeys (D:8)
  3 hounds
  8 orc priests
  Crazy Yiuf (D:3)
  A centaur skeleton (D:4)
  A jelly (D:4)
  Ijyb (D:3)
  4 iguanas
  17 orc wizards
  2 killer bee zombies
  A hound skeleton (D:4)
  Robin (D:2)
  11 gnolls
  A howler monkey zombie (D:5)
  12 adders
  A howler monkey skeleton (D:6)
  4 river rats (Sewer)
  A shadow imp (D:6)
  A white imp (D:6)
  An ufetubus (D:6)
  An adder skeleton (D:4)
  2 worms
  A dart slug (D:3)
  42 orcs
  15 ball pythons
  8 bats
  5 endoplasms
  9 giant cockroaches
  11 goblins
  9 hobgoblins
  6 jackals
  8 quokkas
  5 frilled lizards
  13 kobolds
  6 rats
277 creatures vanquished.

Vanquished Creatures (collateral kills)
  A bat (Sewer)
1 creature vanquished.

Vanquished Creatures (others)
  15 fungi (D:8)
  16 plants (D:8)
31 creatures vanquished.

Grand Total: 309 creatures vanquished

Notes
Turn   | Place    | Note
-------+----------+-------------------------------------------
     0 | D:1      | Ijustatesigmund the Octopode Fighter began the quest for
                  | the Orb.
     0 | D:1      | Reached XP level 1. HP: 16/16 MP: 1/1
   111 | D:1      | Reached XP level 2. HP: 19/21 MP: 2/2
  1244 | D:2      | Noticed Robin
  1245 | D:2      | Reached skill level 3 in Axes
  1245 | D:2      | Reached XP level 3. HP: 26/26 MP: 3/3
  1365 | D:2      | Killed Robin
  1502 | D:2      | Reached XP level 4. HP: 32/32 MP: 4/4
  1652 | D:2      | Found a faded altar of an unknown god.
  1815 | D:2      | Reached skill level 4 in Axes
  1860 | D:2      | Noticed Sigmund
  1868 | D:2      | Killed Sigmund
  1869 | D:2      | Reached skill level 5 in Axes
  1869 | D:2      | Reached XP level 5. HP: 30/38 MP: 5/5
  1869 | D:2      | Reached XP level 6. HP: 35/44 MP: 6/6
  2224 | D:3      | Found a glowing drain.
  2247 | Sewer    | Entered a sewer
  3108 | D:3      | Noticed Ijyb
  3231 | D:3      | Killed Ijyb
  3318 | D:3      | Reached XP level 7. HP: 42/49 MP: 7/7
  3600 | D:3      | Reached skill level 5 in Fighting
  3806 | D:3      | Found a runed translucent door.
  3807 | D:3      | Noticed Crazy Yiuf
  4828 | D:4      | Reached skill level 6 in Axes
  4918 | D:4      | You fall into a shaft and drop 1 floor!
  4918 | D:5      | Entered Level 5 of the Dungeon
  4955 | D:5      | Reached XP level 8. HP: 47/56 MP: 8/8
  5111 | D:4      | Noticed Edmund
  5118 | D:4      | Killed Edmund
  5592 | D:3      | Killed Crazy Yiuf
  5853 | D:5      | Found a staircase to the Ecumenical Temple.
  5895 | D:5      | Reached skill level 5 in Dodging
  5989 | D:5      | Reached skill level 5 in Shields
  6196 | D:6      | Reached skill level 7 in Axes
  6231 | D:6      | Noticed Dowan
  6232 | D:6      | Noticed Duvessa
  6248 | D:6      | Killed Duvessa
  6249 | D:6      | Reached XP level 9. HP: 63/63 MP: 9/9
  6252 | D:6      | Killed Dowan
  6286 | D:6      | Noticed Maggie
  6297 | D:6      | Killed Maggie
  7532 | D:7      | Noticed Prince Ribbit
  7537 | D:7      | Reached skill level 8 in Axes
  7550 | D:6      | Killed Prince Ribbit
  7700 | D:7      | Reached XP level 10. HP: 65/72 MP: 10/10
  8072 | D:7      | Reached skill level 1 in Evocations
  8078 | D:7      | Found a white marble altar of Elyvilon.
  8246 | Temple   | Entered the Ecumenical Temple
  8612 | Temple   | Became a worshipper of Cheibriados the Contemplative
  8825 | D:8      | Reached skill level 1 in Invocations
  8892 | D:8      | Identified the ring "Rigioqaq" {Contam Fly rN+ Int+6
                  | Stlth+}
  8899 | D:8      | Learned a level 3 spell: Stone Arrow
  9059 | D:8      | Reached * piety under Cheibriados
  9115 | D:8      | Reached skill level 1 in Conjurations
  9115 | D:8      | Reached skill level 1 in Earth Magic
  9187 | D:8      | Found a staircase to the Lair.
  9440 | D:8      | Reached skill level 9 in Axes
  9531 | D:8      | Reached ** piety under Cheibriados
  9625 | D:9      | Reached XP level 11. HP: 59/78 MP: 13/13
  9656 | D:9      | Noticed a two-headed ogre
  9675 | D:9      | Killed a two-headed ogre
  9683 | D:9      | Slain by a wraith

Illustrated notes

Levels and vault maps discovered:
D:1:      sevenhm_arrival_forest_fort_small_4, layout_loops_ring, minivault_19,
          kennysheep_minor_cross, bh_walls_and_bars
D:2:      layout_basic, nicolae_ecumenical_snake_handling, st_stairs_7,
          kennysheep_generic_room_10, uniq_sigmund, uniq_robin
D:3:      minmay_door_path, layout_basic, portal_sewer_entry_f,
          uniq_crazy_yiuf_cottage, uniq_ijyb
D:4:      layout_basic, minmay_misc_feat_tiny, uniq_edmund
D:5:      layout_gridville, minmay_temple_entry_slanted,
          chequers_serial_rivers_marsh, st_stairs_6, chequers_decorated_corner,
          grunt_ministairs_12, grunt_decor_junction,
          chequers_serial_rivers_micro_b
D:6:      kennysheep_six_static_rooms, layout_gridville, uniq_duvessa,
          uniq_maggie
D:7:      minmay_flawed_box, layout_gridville, elyvilon_altar_5,
          uniq_prince_ribbit1
D:8:      layout_rooms, grunt_lair_entry_orc_guard_hut, special_room
          [special_room_orc], kennysheep_nondescript,
          hangedman_decor_clover_reticule, minmay_manual_mares
D:9:      layout_layer_cave
Temple:   mainiacjoe_temple_trianglar_array

Skill      XL: |  1  2  3  4  5  6  7  8  9 10 |
---------------+-------------------------------+-----
Axes           | 3 5 6 7 8 9 |  9.3
Fighting       | 4 5 6 7 8 |  8.8
Dodging        | 4 5 6 7 |  7.2
Shields        | 4 5 6 7 |  7.1
Evocations     | 3 |  3.9
Invocations    | 3 |  3.6
Conjurations   | 2 |  2.9
Earth Magic    | 2 |  2.9

Action                   |  1- 3 |  4- 6 |  7- 9 | 10-12 || total
-------------------------+-------+-------+-------+-------++-------
Melee: War axe           |    46 |   106 |   224 |   179 ||   555
       Constrict         |    13 |    33 |    55 |    43 ||   144
       Tentacles         |     5 |    16 |    59 |    51 ||   131
       Punch             |       |     2 |     3 |     2 ||     7
Evoke: Wand              |       |       |       |    10 ||    10
  Use: Scroll            |     3 |     5 |     7 |     4 ||    19
       Potion            |       |     1 |     4 |     3 ||     8
 Stab: Sleeping          |     5 |    19 |    15 |     2 ||    41
       Distracted        |       |       |     1 |       ||     1
Armor: Skin              |     2 |     6 |     4 |     1 ||    13
Dodge: Dodged            |    20 |    73 |   130 |   148 ||   371
Block: Buckler           |    16 |    21 |    68 |    95 ||   200
